Map: 凯罗斯中转站-天梯版

Players

Replicant

  • Race: Terran Terran
  • League: Gold

SouLeer - Winner!

  • Race: Zerg Zerg
  • League: Master

Event: WESG 2018 Grand Finals

VOD

Have the link to the VOD?

Description

Time

  • Played on: March 11, 2019, 3:18 a.m.
  • Length: 12:38

All games in this series

Show
View Real Time Build Order
Export as new Build Order

Replicant Terran 

Build Orders: Gas First Reaper Expand 

Get SALT Encoding   

  12  0:00  SCV  
  13  0:12  SCV  
  14  0:18  Supply Depot  
  14  0:25  SCV  
  15  0:29  Refinery  
  15  0:39  SCV  
  16  0:45  Barracks  
  16  0:51  SCV  
  17  1:04  SCV  
  18  1:16  SCV  
  19  1:31  Orbital Command  
  19  1:32  Reaper  
  20  1:43  Command Center  
  20  1:54  Factory  
  20  1:59  SCV  
  20  2:06  Barracks Reactor  
  20  2:11  SCV  
  20  2:15  Supply Depot  
  21  2:26  SCV  
  22  2:41  Hellion  
  24  2:44  Starport, Marine x2  
  24  2:49  SCV  
  27  3:03  SCV  
  27  3:05  Factory Tech Lab, Refinery  
  28  3:06  Marine x2  
  28  3:12  Bunker  
  29  3:15  SCV  
  30  3:25  Marine  
  31  3:35  Marine, SCV  
  31  3:36  Cyclone  
  31  3:37  Orbital Command  
  32  3:48  Supply Depot, SCV  
  33  3:55  Marine x2  
  34  4:00  SCV  
  30  4:08  SCV  
  28  4:11  Liberator  
  26  4:19  SCV  
  26  4:25  Siege Tank  
  26  4:30  SCV  
  26  4:31  SCV  
  34  4:42  SCV  
  34  4:43  SCV  
  36  4:53  Supply Depot  
  36  4:54  SCV  
  36  4:55  SCV  
  36  4:57  Liberator  
  41  5:00  Siege Tank  
  41  5:04  Marine x2  
  41  5:06  SCV  
  44  5:07  SCV  
  45  5:18  SCV  
  49  5:22  Command Center  
  49  5:26  SCV  
  49  5:27  Marine  
  51  5:30  SCV  
  51  5:31  Marine  
  53  5:38  SCV  
  54  5:46  Factory Tech Lab  
  54  5:58  Barracks x2  
  54  5:59  Starport Reactor  
  54  6:04  Stimpack  
  54  6:09  Supply Depot  
  54  6:10  Supply Depot  
  54  6:16  Engineering Bay x2  
  54  6:30  Marine  
  54  6:31  Siege Tank, SCV x2  
  60  6:35  Orbital Command  
  60  6:39  Refinery  
  60  6:40  Refinery  
  60  6:43  SCV x2  
  62  6:48  Marine  
  62  6:51  Terran Infantry Weapons Level 1  
  62  6:54  Starport Reactor  
  63  6:55  SCV  
  64  7:02  Terran Infantry Armor Level 1  
  64  7:04  SCV  
  64  7:06  Marine  
  64  7:08  Marine x4  
  66  7:09  Orbital Command  
  66  7:14  Barracks x2  
  70  7:17  SCV x2  
  72  7:24  Marine  
  72  7:25  Siege Tank  
  72  7:26  Marine, Supply Depot x2  
  72  7:29  SCV x2  
  79  7:30  Medivac  
  79  7:33  Marine x2  
  83  7:40  SCV  
  83  7:42  SCV  
  85  7:47  Marauder, Marine x2, SCV  
  90  7:52  SCV  
  90  7:53  Armory  
  90  7:54  SCV  
  92  8:00  Supply Depot, SCV  
  92  8:02  Supply Depot  
  92  8:03  Marine  
  92  8:04  SCV  
  95  8:09  Marauder, Siege Tank  
  95  8:11  Medivac  
  95  8:12  SCV x2  
  101  8:18  Barracks Reactor, Barracks Tech Lab  
  101  8:22  SCV  
  101  8:24  SCV  
  101  8:25  Combat Shield  
  103  8:27  Marine  
  103  8:30  Marauder  
  103  8:33  Supply Depot, SCV  
  103  8:34  SCV  
  108  8:40  Supply Depot  
  107  8:42  Medivac, Concussive Shells  
  107  8:44  Marauder  
  107  8:45  Marine  
  112  8:50  Marine  
  112  8:52  Marauder, Marine x2  
  112  8:56  SCV x3  
  112  8:59  Siege Tank  
  118  9:03  Supply Depot  
  118  9:05  Marauder  
  118  9:08  SCV x3, Supply Depot  
  123  9:15  Marine x3  
  123  9:16  Marine  
  123  9:17  Refinery x2  
  121  9:45  Marine x2  
  117  9:46  SCV x2  
  117  9:49  Marine x2  
  117  9:50  SCV  
  112  9:54  Marine  
  112  9:56  Marine  
  112  9:58  SCV  
  112  9:59  Marauder x2  
  107  10:00  Siege Tank  
  107  10:01  Medivac  
  107  10:03  SCV  
  107  10:04  Terran Infantry Weapons Level 2  
  108  10:08  Medivac  
  108  10:10  SCV  
  108  10:11  Terran Infantry Armor Level 2  
  102  10:53  Marine  
  102  10:54  Marauder x2, Marine x2, SCV x2  
  37  11:15  Marauder  
  37  11:16  Marauder  
Show
View Real Time Build Order
Export as new Build Order

SouLeer Zerg - Winner!

Build Orders: Pool First 

Get SALT Encoding   

  12  0:01  Drone  
  13  0:13  Overlord  
  13  0:18  Drone  
  14  0:31  Drone x2  
  16  0:40  Spawning Pool  
  15  0:43  Drone  
  16  0:50  Drone  
  17  0:58  Extractor  
  16  1:10  Hatchery  
  15  1:14  Drone  
  16  1:27  Zergling x4  
  16  1:29  Zergling x2  
  19  1:35  Queen  
  21  1:43  Overlord  
  21  1:56  Roach Warren  
  20  2:02  Drone  
  20  2:04  Drone  
  22  2:18  Overlord  
  21  2:37  Roach x4  
  28  2:44  Roach  
  28  2:49  Drone x2  
  32  2:52  Drone  
  33  2:58  Drone x2  
  34  3:09  Drone x2  
  34  3:11  Ravager x2  
  38  3:19  Queen  
  40  3:21  Drone  
  40  3:26  Overlord  
  41  3:31  Drone  
  41  3:32  Drone  
  41  3:41  Drone  
  41  3:42  Drone  
  41  3:46  Overlord  
  43  3:50  Ravager  
  43  3:55  Drone x2  
  46  4:00  Drone x2  
  48  4:08  Drone  
  46  4:14  Overlord  
  43  4:17  Hatchery  
  43  4:21  Metabolic Boost  
  43  4:22  Drone  
  43  4:23  Drone  
  39  4:25  Queen  
  39  4:29  Roach  
  45  4:31  Roach  
  45  4:37  Roach  
  47  4:39  Zergling x6  
  47  4:42  Extractor  
  47  4:44  Queen  
  51  4:49  Overlord  
  51  4:51  Roach  
  53  4:55  Drone x3  
  53  4:57  Drone  
  57  5:02  Overlord  
  57  5:05  Roach  
  59  5:10  Roach  
  59  5:13  Drone  
  62  5:15  Spore Crawler  
  62  5:16  Spore Crawler  
  62  5:17  Drone  
  61  5:27  Roach x3  
  67  5:29  Overlord  
  67  5:32  Drone x2  
  67  5:34  Drone  
  67  5:35  Drone  
  71  5:38  Drone  
  71  5:39  Evolution Chamber  
  71  5:41  Drone  
  71  5:42  Drone  
  73  5:49  Lair  
  72  5:53  Drone x2  
  74  5:57  Drone, Extractor  
  74  6:00  Drone  
  75  6:04  Drone x4  
  75  6:07  Zerg Missile Weapons Level 1  
  79  6:12  Overlord  
  79  6:13  Drone x2  
  79  6:17  Extractor  
  80  6:24  Overlord  
  80  6:25  Overlord  
  80  6:27  Drone x5  
  84  6:37  Evolution Chamber  
  83  6:43  Drone x3  
  86  6:48  Overlord  
  86  6:50  Ravager x3  
  86  6:52  Drone x8, Extractor  
  86  6:54  Extractor  
  95  7:01  Overlord  
  95  7:05  Zerg Ground Armor Level 1  
  95  7:08  Overlord  
  95  7:12  Hatchery, Drone  
  95  7:13  Drone x3  
  98  7:17  Roach x2  
  98  7:21  Roach x2  
  106  7:26  Burrow  
  106  7:27  Glial Reconstitution  
  106  7:28  Roach  
  108  7:35  Roach x3  
  114  7:37  Roach x2  
  114  7:43  Roach x2  
  114  7:44  Roach x2  
  125  7:46  Overlord  
  125  7:47  Overlord  
  125  7:49  Roach  
  127  7:56  Overlord  
  127  7:57  Roach x4  
  135  8:01  Roach  
  135  8:05  Roach x4  
  145  8:16  Drone x3  
  145  8:17  Roach  
  145  8:19  Overlord  
  150  8:21  Roach x2  
  150  8:22  Roach x3  
  150  8:25  Roach x2  
  164  8:28  Overlord  
  164  8:32  Roach x2  
  168  8:34  Overseer  
  168  8:37  Zerg Missile Weapons Level 2  
  168  8:39  Overlord  
  168  8:44  Overlord, Ravager x3  
  168  8:46  Roach  
  168  8:47  Roach x2  
  177  8:53  Roach x3  
  183  8:58  Overlord  
  183  9:00  Roach x4  
  191  9:04  Roach  
  191  9:05  Roach x2, Overseer  
  191  9:08  Overlord x2  
  197  9:17  Overlord  
  197  9:30  Roach  
  197  9:31  Roach  
  191  9:44  Roach x8  
  199  9:51  Roach x3  
  183  9:53  Roach x8  
  185  10:00  Roach x9  
  185  10:05  Roach x2  
  197  10:10  Roach  
  197  10:13  Roach  
  197  10:17  Roach  
  197  10:18  Zerg Ground Armor Level 2  
  199  10:34  Ravager x2, Hatchery  
  199  10:47  Overlord  
  199  10:49  Overlord  
  199  10:56  Roach x2  
  200  10:57  Roach x7  
Tags
 
Add a new tag
Caveats
  • Supply blocks, unpowered buildings, or Contaminate may cause inaccurate times.
  • Supply counts are checked every 10 seconds.